 Dungeon Crawl Stone Soup version 0.28.0-43-g3370ac3207 (webtiles) character file.

Game seed: 1149898072420069029

7 Faeu the Caller (level 1, 6/7 HPs)
             Began as a Felid Summoner on Mar 14, 2022.
             Quit the game on level 1 of the Dungeon.
             The game lasted 00:03:07 (372 turns).

Faeu the Caller (Felid Summoner)                     Turns: 372, Time: 00:03:08

Health: 6/7        AC:  1    Str:  4    XL:     1   Next: 91%
Magic:  4/4        EV: 17    Int: 16    God:
Gold:   0          SH:  0    Dex: 16    Spells: 3/4 levels left
                                        Lives:  0   Deaths: 0

rFire   . . .      SeeInvis +   (weapon unavailable)
rCold   . . .      Faith    .   (shield unavailable)
rNeg    . . .      Spirit   .   (armour unavailable)
rPois   .          Reflect  .   (helmet unavailable)
rElec   .          Harm     .   (cloak unavailable)
rCorr   .          Rampage  .   (gloves unavailable)
Will    .....                   (boots unavailable)
Stlth   ++........              (no amulet)
HPRegen 0.02/turn               (no ring)
MPRegen 0.09/turn               (no ring)

@: quick
A: very small, claws 1, fangs 3, see invisible, speed 1, shaggy fur 1, stealthy
paws, no weapons or thrown items, no armour, multi-lived
a: no special abilities


You were on level 1 of the Dungeon.
You visited 1 branch of the dungeon, and saw 1 of its levels.

Inventory:

Hand Weapons
 a - a +0 short sword


   Skills:
 + Level 2.7 Dodging
 + Level 2.7 Stealth
 + Level 0.2 Unarmed Combat
 + Level 2.2 Spellcasting
 + Level 4.1 Summonings


You had 3 spell levels left.
You knew the following spells:

 Your Spells              Type           Power      Damage    Failure   Level
a - Summon Small Mammal   Summ           60%        N/A       3%          1

Your spell library contained the following spells:

 Spells                   Type           Power      Damage    Failure   Level
 Call Imp                 Summ           15%        N/A       5%          2
 Call Canine Familiar     Summ           15%        N/A       11%         3
 Summon Guardian Golem    Hex/Summ       8%         N/A       26%         3
 Summon Lightning Spire   Summ/Air       8%         N/A       65%         4


Dungeon Overview and Level Annotations

Branches:
Dungeon (1/15)

Altars:


Innate Abilities, Weirdness & Mutations

You have sharp claws.
You have razor-sharp teeth.
You have supernaturally acute eyesight. (SInv)
You cover ground quickly. (Speed+)
You are covered in fur. (AC +1)
Your paws help you pounce on unaware monsters.
You are incapable of wielding weapons or throwing items.
You cannot wear armour.
You gain extra lives every three experience levels.


Message History

t - Meow!
Orders for allies: a - Attack new target. r - Retreat! s - Stop attacking. g - Guard the area. f - Follow me.
Anything else - Cancel.
Gang up on whom?
Press: ? - help, Dir - move target, f - dart slug
Aim: a dart slug (wandering, hasn't noticed you) Attack!
The dart slug launches a dart at your quokka.
The slug dart hits your quokka.
The dart slug launches a dart at your quokka.
The slug dart hits your quokka.
Your quokka dies!
Your quokka's corpse disappears in a puff of smoke!
You see here a +0 tower shield.
Found a stone staircase leading down.
The dart slug barely misses you.
You scratch the dart slug but do no damage.
You bite the dart slug.
The dart slug is lightly wounded.
You scratch the dart slug.
The dart slug is heavily wounded.
The dart slug completely misses you.
You scratch the dart slug.
You bite the dart slug, but do no damage.
The dart slug is severely wounded.
The dart slug misses you.
You scratch the dart slug but do no damage.
The dart slug is heavily wounded.
You scratch the dart slug but do no damage.
The dart slug is heavily wounded.
The dart slug closely misses you.
You scratch the dart slug.
The dart slug is severely wounded.
The dart slug bites you.
You scratch the dart slug.
You kill the dart slug!
You see here a dart slug corpse.
You see here a +0 tower shield.
Are you sure you want to abandon this character and quit the game? (Confirm with "yes".)

####### #.....#
##.###.##
#.......######.
#..##..........
#..#...@#######
#..#..#.# #..#.†#.#
#†.#....# #+# #..##.###
##.# #..##.# ##..#
#..##.# ##...#
#..##.########....##
#..##>.....##......#####


There were no monsters in sight!

Vanquished Creatures
  2 dart slugs (D:1)
  A goblin (D:1)
3 creatures vanquished.

Vanquished Creatures (collateral kills)
  A kobold (D:1)
1 creature vanquished.

Grand Total: 4 creatures vanquished

Notes
Turn   | Place    | Note
-------+----------+-------------------------------------------
     0 | D:1      | Faeu the Felid Summoner began the quest for the Orb.
     0 | D:1      | Reached XP level 1. HP: 7/7 MP: 4/4
   372 | D:1      | Quit the game

Illustrated notes

Levels and vault maps discovered:
D:1:      mrwooster_arrival_arrow, layout_basic, serial_shops, shop,
          minmay_misc_feat_four_crosses

Action                   || total
-------------------------++-------
Melee: Unarmed           ||    15
       Bite              ||     2
 Cast: Summon Small Mamm ||     3
 Stab: Distracted        ||     1
Dodge: Dodged            ||     8
